 Dungeon Crawl Stone Soup version 0.25.1-2-g60ff931df9 (webtiles) character file.

Game seed: 12835302594319919578

1233 DungeonDestroyer the Chopper (level 8, -2/61 HPs)
             Began as a Formicid Fighter on Aug 5, 2020.
             Was a Plaything of Xom.
             Slain by a two-headed ogre
             ... wielding a +0 giant club
              (7 damage)
             ... on level 6 of the Dungeon on Aug 6, 2020.
             The game lasted 00:09:38 (4956 turns).

DungeonDestroyer the Chopper (Formicid Fighter)     Turns: 4956, Time: 00:09:39

Health: -2/61      AC: 11    Str: 20 (21) XL:     8   Next: 77%
Magic:  0/7        EV:  7    Int:  9      God:    Xom [..*...]
Gold:   141        SH: 11    Dex: 11      Spells: 7/7 levels left

rFire    . . .     SeeInvis +   a - +0 war axe
rCold    . . .     Gourm    .   c - +1 kite shield
rNeg     . . .     Faith    .   m - +0 chain mail
rPois    .         Spirit   +   (helmet unavailable)
rElec    .         Reflect  .   (no cloak)
rCorr    .         Harm     .   (no gloves)
MR       .....     Clarity  +   x - +0 pair of boots
Stlth    ..........             u - amulet of guardian spirit
HPRegen  0.60/turn              i - +4 ring of protection
MPRegen  0.10/turn              w - ring of stealth

@: no status effects
A: permanent stasis, dig shafts and tunnels, four strong arms, antennae 3,
clarity, deformed body, low mp 1, regeneration 1
a: Dig, Shaft Self, Renounce Religion


You were on level 6 of the Dungeon.
You worshipped Xom.
You were a toy of Xom.
You were not hungry.

You visited 2 branches of the dungeon, and saw 7 of its levels.

You collected 285 gold pieces.
You spent 144 gold pieces at shops.

Inventory:

Hand Weapons
 a - a +0 war axe (weapon)
 k - a +0 mace
 y - a +1 flail of protection
Missiles
 b - 26 poisoned darts
 e - 225 stones (quivered)
 g - 107 arrows
 j - 62 sling bullets
 r - 38 bolts
Armour
 c - a +1 kite shield (worn)
 m - a +0 chain mail (worn)
 x - a +0 pair of boots (worn)
Jewellery
 i - a +4 ring of protection (left hand)
 u - an amulet of guardian spirit (around neck)
 w - a ring of stealth (right hand)
Scrolls
 h - 6 scrolls of identify
 o - 4 scrolls of remove curse
 t - a scroll of enchant armour
 v - a scroll of enchant weapon {unknown}
 A - a scroll of magic mapping
Potions
 d - 2 potions of might
 l - 3 potions of stabbing
 n - a potion of lignification
 p - a potion of mutation
 q - a potion of flight
 s - 3 potions of curing
 z - a potion of heal wounds {unknown}
Comestibles
 f - 14 rations


   Skills:
 + Level 4.9 Fighting
 + Level 6.7 Axes
 + Level 6.2 Armour
 + Level 1.1 Dodging
 + Level 6.2 Shields


You had 7 spell levels left.
You didn't know any spells.
Your spell library contained the following spells:

 Spells                   Type           Power        Failure   Level  Hunger
 Animate Skeleton         Necr           N/A          100%        1    ##.....
 Apportation              Tloc           #.....       100%        1    ##.....
 Beastly Appendage        Tmut           #.....       100%        1    ##.....
 Corona                   Hex            #......      100%        1    ##.....
 Summon Small Mammal      Summ           #...         100%        1    ##.....
 Sticks to Snakes         Tmut           #.......     100%        2    ###....
 Spider Form              Tmut/Pois      #.........   100%        3    ####...
 Ice Form                 Ice/Tmut       #.......     100%        4    #####..
 Blade Hands              Tmut           #.........   100%        5    ######.


Dungeon Overview and Level Annotations

Branches:
Dungeon (6/15)             Temple (1/1) D:5

Altars:
Ashenzari
Cheibriados
Dithmenos
Elyvilon
Fedhas
Gozag
Hepliaklqana
Kikubaaqudgha
Makhleb
Nemelex Xobeh
Okawaru
Qazlal
Ru
Sif Muna
Trog
Uskayaw
Vehumet
Wu Jian
Xom
Yredelemnul
Zin
The Shining One

Shops:
D:5 }}%*=


Innate Abilities, Weirdness & Mutations

You cannot be hasted, slowed, berserked, paralysed or teleported.
You can dig through walls and to a lower floor.
Your four strong arms can wield two-handed weapons with a shield.
You have a pair of large antennae on your head. (SInv)
You possess an exceptional clarity of mind.
Armour fits poorly on your strangely shaped body.
Your magical capacity is low. (-10% MP)
Your natural rate of healing is unusually fast.


Message History

You are too injured to fight recklessly!
Unknown command.
You slash the two-headed ogre!
The two-headed ogre is severely wounded.
You block the two-headed ogre's attack.
The two-headed ogre hits you with a +0 giant club!
Unknown command.
You slash the two-headed ogre!
The two-headed ogre is severely wounded.
The two-headed ogre barely misses you.
The two-headed ogre hits you with a +0 giant club!!
* * * LOW HITPOINT WARNING * * *
Unknown command.
Unknown command.
Unknown command.
You hit the two-headed ogre but do no damage.
The two-headed ogre is severely wounded.
The two-headed ogre hits you with a +0 giant club!
You die...
Xom chuckles heartily!

#.#.......# #.##......#
.......... .....##..#
^......$.. .....#...#
###.........
.........####...........
.......#.##..........?..
.......#................
.....#..................
.....#..........@O....#
#.######....##.%.?..###
### ##...###......#
##### ###...## #.## ##


You could see a two-headed ogre.

Vanquished Creatures
  Grinder (D:5)
  An ice beast (D:5)
  3 ogres
  A centaur (D:5)
  A bullfrog (D:6)
  A scorpion (D:5)
  2 crimson imps
  A gnoll shaman (D:4)
  2 hounds
  A centaur skeleton (D:5)
  Jessica (D:2)
  An iguana (D:4)
  2 worker ants
  A mummy (D:4)
  7 gnolls (D:4)
  8 adders
  An ooze (D:4)
  A worm (D:2)
  2 dart slugs
  3 leopard geckos
  4 orcs
  7 bats
  3 giant cockroaches
  4 goblins
  9 hobgoblins
  7 jackals
  3 quokkas
  3 frilled lizards (D:1)
  3 hobgoblin zombies (D:4)
  7 kobolds
  A kobold zombie (D:4)
  4 rats
96 creatures vanquished.

Notes
Turn   | Place    | Note
-------+----------+-------------------------------------------
     0 | D:1      | DungeonDestroyer the Formicid Fighter began the quest for
                  | the Orb.
     0 | D:1      | Reached XP level 1. HP: 18/18 MP: 1/1
   140 | D:1      | Reached XP level 2. HP: 19/24 MP: 2/2
   789 | D:1      | Gained mutation: Potions are less effective at restoring
                  | your health. [potion of mutation]
   789 | D:1      | Gained mutation: You are partially covered in icy blue
                  | scales. (AC +2) [potion of mutation]
   840 | D:2      | Reached XP level 3. HP: 29/29 MP: 3/3
  1054 | D:2      | Reached XP level 4. HP: 36/36 MP: 4/4
  1290 | D:2      | Noticed Jessica
  1294 | D:2      | Killed Jessica
  1294 | D:2      | Reached XP level 5. HP: 42/42 MP: 5/5
  1612 | D:2      | Lost mutation: You are partially covered in icy blue
                  | scales. (AC +2) [potion of mutation]
  1612 | D:2      | Lost mutation: Potions are less effective at restoring your
                  | health. [potion of mutation]
  1612 | D:2      | Gained mutation: Your magical capacity is low. (-10% MP)
                  | [potion of mutation]
  1612 | D:2      | Gained mutation: You possess an exceptional clarity of
                  | mind. [potion of mutation]
  1612 | D:2      | Gained mutation: Armour fits poorly on your strangely
                  | shaped body. [potion of mutation]
  1612 | D:2      | Gained mutation: Your natural rate of healing is unusually
                  | fast. [potion of mutation]
  2188 | D:4      | Noticed an ogre
  2197 | D:4      | Killed an ogre
  2197 | D:4      | Reached XP level 6. HP: 33/48 MP: 5/5
  2643 | D:4      | Reached skill level 1 in Dodging
  2687 | D:4      | Reached XP level 7. HP: 44/54 MP: 6/6
  2698 | D:4      | Reached skill level 5 in Axes
  2698 | D:4      | Reached skill level 5 in Shields
  3227 | D:5      | Entered Level 5 of the Dungeon
  3256 | D:5      | Found Qashof's Assorted Antiques.
  3266 | D:5      | Bought a scroll of identify for 36 gold pieces
  3266 | D:5      | Bought a scroll of identify for 36 gold pieces
  3266 | D:5      | Bought a scroll labeled UDOUSEO GETTI for 18 gold pieces
  3266 | D:5      | Bought a potion of curing for 54 gold pieces
  3312 | D:5      | Reached skill level 5 in Armour
  3464 | D:5      | Found Taciorphi's Gadget Shoppe.
  3542 | D:5      | Reached XP level 8. HP: 20/61 MP: 2/7
  3642 | D:5      | Found a sacrificial altar of Ru.
  3691 | D:5      | Found Oquf Xuo's Gadget Shoppe.
  3791 | D:5      | Found Ythroa Vome's Food Shop.
  3800 | D:5      | Noticed Grinder
  3844 | D:5      | Killed Grinder
  3991 | D:5      | Found a staircase to the Ecumenical Temple.
  4170 | D:5      | Found Jetzytu's Jewellery Shoppe.
  4192 | Temple   | Entered the Ecumenical Temple
  4483 | Temple   | Became a worshipper of Xom of Chaos
  4945 | D:6      | Noticed a two-headed ogre
  4956 | D:6      | Slain by a two-headed ogre

Illustrated notes

Levels and vault maps discovered:
D:1:      wander_arrival_chamber, layout_basic, serial_glass, glass_columns_c,
          glass_columns_a, hangedman_decor_lopped, serial_park_tiny_1,
          chequers_serial_rivers_large_a
D:2:      layout_loops_ring, uniq_jessica
D:3:      wad_lake_hut, layout_basic
D:4:      layout_basic, minmay_mini_ossuary
D:5:      layout_layer_cave, nicolae_ru_path_of_blood, minmay_temple_entry_hall,
          serial_shops, shop, kennysheep_mini, nicolae_shop_crystal, shop,
          kennysheep_little_box, first_ration, uniq_grinder
D:6:      layout_cave_pools, minmay_quadrilaterals
Temple:   regret_index_temple_sigil_plot

Skill      XL: |  1  2  3  4  5  6  7  8 |
---------------+-------------------------+-----
Shields        | 4 5 6 |  6.2
Axes           | 3 4 5 6 |  6.7
Armour         | 4 5 6 |  6.2
Fighting       | 4 |  4.9
Dodging        | 1 |  1.1

Action                   |  1- 3 |  4- 6 |  7- 9 || total
-------------------------+-------+-------+-------++-------
Melee: War axe           |    85 |   158 |   149 ||   392
  Use: Scroll            |     2 |     8 |     3 ||    13
       Potion            |     1 |     6 |     1 ||     8
  Eat: Chunk             |     1 |     2 |     1 ||     4
       Ration            |       |     1 |     2 ||     3
Armor: Scale mail        |    62 |    61 |     7 ||   130
       Chain mail        |       |       |    41 ||    41
Dodge: Dodged            |    32 |    47 |    32 ||   111
Block: Kite shield       |    48 |    84 |    96 ||   228
